 Dungeon Crawl Stone Soup version 0.23-a0-539-g3f6f39f (webtiles) character file.

277 nikopol the Magician (level 6, -3/32 HPs)
             Began as a Deep Elf Fire Elementalist on Dec 7, 2018.
             Slain by a centaur (5 damage)
             ... on level 4 of the Dungeon.
             The game lasted 00:07:50 (3557 turns).

nikopol the Magician (Deep Elf Fire Elementalist)   Turns: 3557, Time: 00:07:50

Health: -3/32      AC:  4    Str:  5    XL:     6   Next: 4%
Magic:  9/15       EV: 12    Int: 22    God:
Gold:   169        SH:  0    Dex: 15    Spells: 5/15 levels left

rFire    . . .     SeeInvis .   (no weapon)
rCold    . . .     Gourm    .   (no shield)
rNeg     . . .     Faith    .   t - +1 leather armour {MR+}
rPois    .         Spirit   .   (no helmet)
rElec    .         Reflect  .   (no cloak)
rCorr    .         Harm     .   (no gloves)
MR       +....                  (no boots)
Stlth    ++........             (no amulet)
HPRegen  0.10/turn              (no ring)
MPRegen  0.14/turn              (no ring)

@: no status effects
A: no striking features
a: no special abilities


You were on level 4 of the Dungeon.
You were very hungry.

You visited 1 branch of the dungeon, and saw 4 of its levels.

You collected 169 gold pieces.

Inventory:

Armour
 a - a +0 robe
 t - a +1 leather armour of magic resistance (worn)
Jewellery
 o - an uncursed amulet of the acrobat {unknown}
Wands
 q - a wand of polymorph (6)
Scrolls
 b - 2 scrolls of identify
 d - a scroll of remove curse
 e - a scroll of magic mapping {unknown}
 g - a scroll of random uselessness {unknown}
 i - a scroll of teleportation {unknown}
 j - a scroll of blinking {unknown}
 n - a scroll of fog {unknown}
 s - a scroll of enchant weapon {unknown}
Potions
 f - 4 potions of curing
 h - a potion of ambrosia {unknown}
 k - a potion of flight {unknown}
 l - a potion of agility {unknown}
 m - a potion of lignification {unknown}
 r - 2 potions of heal wounds {unknown}
Comestibles
 c - a ration


   Skills:
 + Level 0.2 Fighting
 * Level 0.4 Armour
 + Level 2.9 Dodging
 + Level 2.8 Stealth
 + Level 5.0 Spellcasting
 + Level 3.8 Conjurations
 + Level 4.8 Fire Magic


You had 5 spell levels left.
You knew the following spells:

 Your Spells              Type           Power        Failure   Level  Hunger
a - Flame Tongue          Conj/Fire      ###..        2%          1    None
b - Throw Flame           Conj/Fire      ###...       4%          2    None
c - Conjure Flame         Conj/Fire      ###.....     9%          3    ##.....
d - Sticky Flame          Conj/Fire      ###.....     28%         4    ####...

Your spell library contained the following spells:

 Spells                   Type           Power        Failure   Level  Hunger
 Inner Flame              Hex/Fire       ###.....     19%         3    ##.....
 Fireball                 Conj/Fire      ###.......   61%         5    #####..


Dungeon Overview and Level Annotations

Branches:
Dungeon (4/15)
 Temple: D:4-7

Altars:
Ashenzari


Message History

The centaur is covered in liquid flames!
The centaur burns!
The centaur misses you.
Casting: Sticky Flame (quite dangerous; 28% risk of failure)
Confirm with . or Enter, or press ? or * to list all spells.
Aiming: Flame Tongue (safe; 2% risk of failure)
Press: ? - help, Shift-Dir - straight line, f - worm, p - centaur
Aim: a worm The flame tongue hits the centaur.
The centaur is heavily wounded.
The orc shouts!
The centaur burns!
The centaur barely misses you.
Casting: Flame Tongue (safe; 2% risk of failure)
Confirm with . or Enter, or press ? or * to list all spells.
Aiming: Flame Tongue (safe; 2% risk of failure)
Press: ? - help, Shift-Dir - straight line, f/p - worm
Aim: a worm The flame tongue hits the centaur.
The centaur appears unharmed.
The centaur is severely wounded.
The centaur burns!
The centaur hits you.
You die...

.## ##. # .! #.. .
#. #. #.#
#.#.##.##.#
....#..#.#
#.......###########
#.....#(........
#.<...(@c.#
$.)....##.#(##wo.#
###.###
#.#....o..... #
#.####?o...=. #>#
#oo.... #.# o..o..
#.# ...... ..#
o.....


You could see a centaur (burning), a worm and 3 orcs.

Vanquished Creatures
  A scorpion (D:4)
  An orc priest (D:3)
  Ijyb (D:3)
  Natasha (D:3)
  6 adders
  An ooze (D:2)
  2 worms
  2 dart slugs (D:3)
  5 leopard geckos
  4 orcs (D:3)
  4 giant cockroaches
  4 goblins
  5 hobgoblins
  11 jackals
  5 kobolds
  3 quokkas
  2 ball pythons (D:3)
  5 bats
  3 frilled lizards
  A quokka skeleton (D:4)
  10 rats
77 creatures vanquished.

Notes
Turn   | Place    | Note
-------+----------+-------------------------------------------
     0 | D:1      | nikopol the Deep Elf Fire Elementalist began the quest for
                  | the Orb.
     0 | D:1      | Reached XP level 1. HP: 10/10 MP: 6/6
   504 | D:1      | Reached XP level 2. HP: 15/15 MP: 6/8
  1169 | D:2      | Reached XP level 3. HP: 19/19 MP: 3/9
  1173 | D:2      | Learned a level 2 spell: Throw Flame
  1177 | D:2      | Learned a level 3 spell: Conjure Flame
  1321 | D:2      | Reached skill level 4 in Spellcasting
  1602 | D:2      | Found a shattered altar of Ashenzari.
  1618 | D:2      | Reached XP level 4. HP: 24/24 MP: 4/12
  1628 | D:2      | Learned a level 4 spell: Sticky Flame
  2274 | D:3      | Noticed Natasha
  2279 | D:3      | Killed Natasha
  2286 | D:3      | Noticed Ijyb
  2417 | D:3      | Reached XP level 5. HP: 25/28 MP: 8/14
  2727 | D:3      | Killed Ijyb
  3392 | D:4      | Reached skill level 5 in Spellcasting
  3392 | D:4      | Reached XP level 6. HP: 27/32 MP: 5/15
  3557 | D:4      | Slain by a centaur

Vault maps used:
D:1:      eino_arrival_water_cross
D:2:      old_standard_altar, minmay_pentomino_x2
D:3:      uniq_natasha, uniq_ijyb
D:4:      first_ration, serial_shops, nicolae_shop_waterfront,
          corexii_checkpoint_a

Skill      XL: |  1  2  3  4  5 |
---------------+----------------+-----
Spellcasting   | 4 5 |  5.0
Fire Magic     | 4 |  4.8
Conjurations   | 3 |  3.8
Fighting       | |  0.2
Armour         | |  0.4
Dodging        | |  2.9
Stealth        | |  2.8

Action                   |  1- 3 |  4- 6 || total
-------------------------+-------+-------++-------
 Cast: Flame Tongue      |    74 |    85 ||   159
       Sticky Flame      |       |     2 ||     2
  Use: Scroll            |       |     2 ||     2
  Eat: Chunk             |     2 |     5 ||     7
Armor: Robe              |    10 |     2 ||    12
       Leather armour    |       |     1 ||     1
Dodge: Dodged            |    30 |    22 ||    52

Table legend:
 A = Non-vault XP
 B = Vault XP
 C = Vault XP percentage of total XP
 D = Non-vault monster count
 E = Vault monster count
 F = Vault count percentage of total count
                 A         B        C        D         E       F
            +---------+---------+-------+---------+---------+-------
      Total |     319 |      78 |  19.6 |      73 |       4 |   5.2
            +---------+---------+-------+---------+---------+-------
        D:1 |      33 |       0 |   0.0 |      19 |       0 |   0.0
        D:2 |     108 |       7 |   6.1 |      27 |       2 |   6.9
        D:3 |     104 |      71 |  40.6 |      24 |       2 |   7.7
        D:4 |      74 |       0 |   0.0 |       3 |       0 |   0.0
            +---------+---------+-------+---------+---------+-------
